 Dungeon Crawl Stone Soup version 0.17.0 (webtiles) character file.

20302 patrick the Whirler (level 13, 0/86 HPs)
             Began as a Halfling Hunter on Nov 15, 2015.
             Was a High Priest of Okawaru.
             Succumbed to a black mamba's poison
             ... on level 4 of the Lair of Beasts on Nov 16, 2015.
             The game lasted 00:49:42 (16322 turns).

patrick the Whirler (Halfling Hunter)              Turns: 16322, Time: 00:49:42

Health: 0/86       AC: 13    Str: 12    XL:     13   Next: 11%
Magic:  11/17      EV: 22    Int: 10    God:    Okawaru [*****.]
Gold:   774        SH:  9    Dex: 20    Spells: 5 memorised, 5 levels left

rFire  + . .     SeeInvis .     a - +4 hunting sling
rCold  + . .     Clarity  .     l - +0 scale mail {rPois}
rNeg   . . .     SustAt   .     v - +0 buckler
rPois  +         Gourm    .     I - +0 helmet
rElec  .         Spirit   +     D - +0 cloak
rCorr  .         Warding  .     H - +1 pair of gloves
rMut   .         Stasis   .     N - +0 pair of boots
MR     .....                    x - amulet of guardian spirit
Stlth  +++.......               O - ring of protection from cold
                                f - ring of protection from fire

@: lethally poisoned (0 -> -19), heroism, not resistant to hostile enchantments,
fairly stealthy
A: mutation resistance 1
a: Heroism, Finesse, Renounce Religion


You were on level 4 of the Lair of Beasts.
You worshipped Okawaru.
Okawaru was extremely pleased with you.
You were not hungry.

You visited 3 branches of the dungeon, and saw 16 of its levels.

You collected 881 gold pieces.
You spent 107 gold pieces at shops.

Inventory:

Hand Weapons
 a - a +4 hunting sling (weapon)
 b - a +0 short sword of venom
 c - a +1 hunting sling of flaming
 d - a +0 blowgun
Missiles
 e - 220 stones
 p - 36 sling bullets
 r - 12 sling bullets of frost (quivered)
 K - 8 curare-tipped needles
 S - 17 exploding sling bullets
 T - 16 sling bullets of flame
 X - 13 steel sling bullets
Armour
 l - a +0 scale mail of poison resistance (worn)
 v - a +0 buckler (worn)
 B - a +2 robe of magic resistance
 D - a +0 cloak (worn)
 H - a +1 pair of gloves (worn)
 I - a +0 helmet (worn)
 N - a +0 pair of boots (worn)
Jewellery
 f - a ring of protection from fire (left hand)
 k - an uncursed amulet of warding
 m - a +4 ring of intelligence
 t - an uncursed ring of magical power
 x - an amulet of guardian spirit (around neck)
 y - an uncursed ring of positive energy
 O - a ring of protection from cold (right hand)
Wands
 q - a wand of disintegration (0)
 u - a wand of paralysis (0)
 w - a wand of draining (0)
 G - a wand of frost (12)
 M - a wand of flame (30)
 Y - a wand of fireball (0)
 Z - a wand of fire (0)
Scrolls
 h - 8 scrolls of identify
 A - 3 scrolls of remove curse
 F - 3 scrolls of magic mapping
Potions
 i - 4 potions of brilliance
 j - 2 potions of magic
 z - a potion of cure mutation
Books
 C - a Grand Grimoire

   Spells                             Type                      Level
   a - Monstrous Menagerie            Summoning                    6
   b - Summon Greater Demon           Summoning                    7
   c - Malign Gateway                 Summoning/Translocation      7
   d - Summon Horrible Things         Summoning                    8
 E - a book of Hinderance

   Spells                             Type                      Level
   a - Confusing Touch                Hexes                        2
   b - Confuse                        Hexes                        3
   c - Gell's Gravitas                Hexes/Translocation          3
   d - Petrify                        Transmutation/Earth          4
   e - Metabolic Englaciation         Hexes/Ice                    5
 L - a book of Debilitation

   Spells                             Type                      Level
   a - Corona                         Hexes                        1
   b - Slow                           Hexes                        2
   c - Gell's Gravitas                Hexes/Translocation          3
   d - Inner Flame                    Hexes/Fire                   3
   e - Cause Fear                     Hexes                        4
   f - Leda's Liquefaction            Hexes/Earth                  4
Comestibles
 g - 5 meat rations
 o - a slice of pizza
 s - a chunk of flesh
 U - 8 bread rations
 V - 6 fruits


   Skills:
 + Level 7.4(12.4) Fighting
 + Level 10.5(15.5) Short Blades
 * Level 16.5(21.5) Slings
 + Level 1.0(6.0) Armour
 + Level 9.2(14.2) Dodging
 - Level 1.1(6.1) Stealth
 + Level 8.4(13.4) Shields
 + Level 2.9 Spellcasting
 + Level 3.2 Hexes
 + Level 3.8 Translocations


You had 5 spell levels left.
You knew the following spells:

 Your Spells              Type           Power        Failure   Level  Hunger
a - Corona                Hex            #......      38%         1    ##.....
b - Slow                  Hex            #.......     63%         2    ###....
c - Confuse               Hex            #.......     93%         3    ####...
d - Gell's Gravitas       Hex/Tloc       #.........   87%         3    ####...
e - Inner Flame           Hex/Fire       #.......     99%         3    ####...


Dungeon Overview and Level Annotations

Branches:
Dungeon (11/15)            Temple (1/1) D:5            Lair (4/8) D:8
  Swamp (0/4) Lair:3          Orc (0/4) D:10
  Snake: Lair:3-6    Spider: Lair:3-6

Altars:
Ashenzari
Cheibriados
Dithmenos
Elyvilon
Fedhas
Gozag
Kikubaaqudgha
Makhleb
Nemelex Xobeh
Okawaru
Qazlal
Ru
Sif Muna
Trog
Vehumet
Xom
Yredelemnul
Zin
The Shining One

Shops:
D:4 [   D:9 (


Innate Abilities, Weirdness & Mutations

You are small and have problems with some larger weapons.
You are somewhat resistant to further mutation.


Message History

Okay, then.
Unknown command.
* * * LOW HITPOINT WARNING * * *
You feel very sick.
Things that are here:
4 sling bullets of frost; a black mamba corpse
* * * LOW HITPOINT WARNING * * *
You feel sick.
You see here a water moccasin corpse.
* * * LOW HITPOINT WARNING * * *
You feel very sick.
* * * LOW HITPOINT WARNING * * *
You feel sick.
* * * LOW HITPOINT WARNING * * *
You feel sick.
There is a stone staircase leading down here.
* * * LOW HITPOINT WARNING * * *
You feel sick.
You climb downwards.
You die...

....# ..P.## ##
.....##
##.##P.....#
##.(........#
..#............
..!............
.......@.......
...............
...............
...............
##.........[..?
#..............
........(......
.............##


There were no monsters in sight!

Vanquished Creatures
  Rupert (Lair:3)
  A hydra (Lair:3)
  The ghost of tengen the Cleaver, a novice FoFi of Ru (D:8)
  Sonja (Lair:1)
  Pikel (D:7)
  A hill giant (D:10)
  A wizard (D:10)
  3 elephants (Lair:2)
  3 spiny frogs
  Maurice (D:8)
  A black mamba (Lair:3)
  A fire drake (Lair:1)
  2 komodo dragons (Lair:2)
  2 two-headed ogres (D:10)
  Prince Ribbit (D:5)
  2 giant leeches (Lair:3)
  A shadow (D:10)
  A spriggan (D:8)
  A wyvern (D:8)
  16 yaks
  A steam dragon (Lair:3)
  2 hippogriffs
  8 wolves (Lair:2)
  Menkaure (D:7)
  A warg (D:10)
  A swamp worm (Lair:3)
  6 water moccasins
  2 porcupines
  5 ogres
  6 orc warriors
  A black bear (D:9)
  2 phantoms
  A wasp (D:8)
  An ice beast (D:10)
  A necrophage (D:7)
  4 sky beasts
  A slave (D:7)
  2 centaurs
  6 crocodiles
  A big kobold (D:10)
  6 giant frogs
  2 scorpions
  9 wights
  A troll skeleton (D:7)
  An electric eel (D:8)
  7 crimson imps
  A centaur zombie (D:6)
  A giant frog zombie (D:7)
  9 orc priests
  5 jellies
  4 hounds
  2 human skeletons (D:7)
  6 human zombies (D:7)
  6 iguanas
  Jessica (D:2)
  10 orc wizards
  8 worker ants
  2 hound skeletons (D:4)
  An ogre skeleton (D:7)
  Robin (D:3)
  13 adders
  A gnoll (D:1)
  15 river rats
  2 shadow imps
  2 oozes
  An adder zombie (D:9)
  2 adder skeletons
  2 worms
  2 giant geckos
  40 orcs
  5 giant cockroaches
  6 hobgoblins
  A ball python (D:1)
  12 bats
  5 giant newts
  16 goblins
  5 jackals (D:3)
  14 kobolds
  A quokka (D:9)
  6 rats
  3 plants
332 creatures vanquished.

Vanquished Creatures (others)
  A jelly (D:7)
  2 bats (D:2)
  A rat (D:2)
  7 fungi
  4 plants
15 creatures vanquished.

Grand Total: 347 creatures vanquished

Notes
Turn   | Place    | Note
--------------------------------------------------------------
     0 | D:1      | patrick the Halfling Hunter began the quest for the Orb.
     0 | D:1      | Reached XP level 1. HP: 14/14 MP: 1/1
    24 | D:1      | Reached skill level 6 in Slings
    92 | D:1      | Reached XP level 2. HP: 19/19 MP: 2/2
   137 | D:1      | Found a shattered altar of Ashenzari.
   460 | D:1      | Reached XP level 3. HP: 24/24 MP: 3/3
   718 | D:2      | Found a white marble altar of Elyvilon.
   748 | D:2      | Reached skill level 1 in Short Blades
   798 | D:2      | Found a stormy altar of Qazlal.
  1172 | D:2      | Reached XP level 4. HP: 29/29 MP: 4/4
  1176 | D:2      | Reached skill level 7 in Slings
  1183 | D:2      | Noticed Jessica
  1185 | D:2      | Killed Jessica
  1571 | D:3      | Noticed Robin
  1593 | D:3      | Reached XP level 5. HP: 16/34 MP: 5/5
  1609 | D:3      | Killed Robin
  2414 | D:3      | Reached XP level 6. HP: 38/41 MP: 6/6
  2536 | D:3      | Found a sparkling altar of Nemelex Xobeh.
  2536 | D:3      | Found an opulent altar of Gozag.
  2775 | D:4      | Reached skill level 8 in Slings
  2978 | D:4      | Found Wakizephi's Armour Shoppe.
  2991 | D:4      | Reached XP level 7. HP: 38/46 MP: 7/7
  3009 | D:4      | Bought a +0 buckler for 58 gold pieces
  3444 | D:5      | Entered Level 5 of the Dungeon
  3456 | D:5      | Reached skill level 1 in Shields
  3533 | D:5      | Found a staircase to the Ecumenical Temple.
  3545 | Temple   | Entered the Ecumenical Temple
  3589 | Temple   | Became a worshipper of Warmaster Okawaru
  3683 | D:5      | Reached skill level 9 in Slings
  4090 | D:5      | Reached XP level 8. HP: 52/52 MP: 8/8
  4208 | D:5      | Noticed Prince Ribbit
  4216 | D:5      | Killed Prince Ribbit
  4216 | D:5      | Reached skill level 10 in Slings
  4622 | D:5      | Reached * piety under Okawaru
  4622 | D:5      | Reached skill level 5 in Short Blades
  4972 | D:6      | Reached skill level 5 in Dodging
  5082 | D:6      | Found a deep blue altar of Sif Muna.
  5325 | D:6      | Reached XP level 9. HP: 58/58 MP: 9/9
  5444 | D:6      | Found a shadowy altar of Dithmenos.
  5572 | D:6      | Reached skill level 11 in Slings
  5628 | D:6      | Found a snail-covered altar of Cheibriados.
  5761 | D:7      | Noticed Pikel
  5787 | D:7      | Killed Pikel
  5787 | D:7      | Reached ** piety under Okawaru
  6038 | D:7      | Noticed Menkaure
  6043 | D:7      | Killed Menkaure
  6338 | D:7      | Reached skill level 12 in Slings
  6393 | D:7      | Found a shattered altar of Ashenzari.
  6393 | D:7      | Found a shimmering altar of Xom.
  6553 | D:7      | Reached XP level 10. HP: 60/65 MP: 10/10
  6562 | D:7      | Found a basalt altar of Yredelemnul.
  6613 | D:7      | Reached *** piety under Okawaru
  6642 | D:7      | Reached skill level 5 in Shields
  6863 | D:8      | Found a staircase to the Lair.
  6868 | D:8      | Reached skill level 5 in Fighting
  7026 | D:8      | Noticed Maurice
  7033 | D:8      | Noticed tengen's ghost (novice FoFi)
  7642 | D:8      | Killed Maurice
  7642 | D:8      | Reached skill level 13 in Slings
  8197 | D:8      | Killed tengen's ghost
  8197 | D:8      | Reached **** piety under Okawaru
  8197 | D:8      | Received a gift from Okawaru
  8419 | D:8      | Received a gift from Okawaru
  8716 | D:8      | Found a sparkling altar of Nemelex Xobeh.
  8775 | D:8      | Reached XP level 11. HP: 72/72 MP: 11/11
  9079 | D:9      | Reached skill level 14 in Slings
  9119 | D:9      | Found Nupei's Antique Weapon Boutique.
  9162 | D:9      | Received a gift from Okawaru
  9214 | D:9      | Bought a runed hunting sling for 49 gold pieces
  9350 | D:9      | Got a spiked cloak
  9392 | D:9      | Identified the cursed -6 cloak of Good Intentions {Str+2} (You found it on level 9 of the Dungeon)
  9788 | D:9      | Found a blossoming altar of Fedhas.
 10035 | D:10     | Entered Level 10 of the Dungeon
 10035 | D:10     | Found a staircase to the Orcish Mines.
 10292 | D:10     | Noticed a wizard
 10486 | D:10     | Noticed a hill giant
 10628 | D:10     | Reached ***** piety under Okawaru
 10862 | D:10     | Killed a hill giant
 10924 | D:10     | Killed a wizard
 10924 | D:10     | Reached skill level 15 in Slings
 11245 | D:11     | Noticed an orc knight
 11274 | D:11     | Noticed a hill giant
 11372 | Lair:1   | Entered Level 1 of the Lair of Beasts
 11430 | Lair:1   | Learned a level 1 spell: Corona
 11440 | Lair:1   | Learned a level 3 spell: Gell's Gravitas
 11444 | Lair:1   | Learned a level 3 spell: Inner Flame
 11735 | Lair:1   | Received a gift from Okawaru
 11735 | Lair:1   | Reached skill level 1 in Hexes
 11747 | Lair:1   | Reached skill level 1 in Translocations
 11838 | Lair:1   | Noticed Sonja
 11842 | Lair:1   | Killed Sonja
 11842 | Lair:1   | Received a gift from Okawaru
 11842 | Lair:1   | Reached XP level 12. HP: 62/80 MP: 11/13
 12497 | Lair:2   | Received a gift from Okawaru
 12711 | Lair:2   | Reached skill level 1 in Spellcasting
 12866 | Lair:2   | Received a gift from Okawaru
 13081 | Lair:2   | Received a gift from Okawaru
 13183 | Lair:2   | Reached skill level 10 in Short Blades
 13755 | Lair:2   | Learned a level 2 spell: Slow
 13764 | Lair:2   | Learned a level 3 spell: Confuse
 14131 | Lair:2   | Reached skill level 16 in Slings
 15061 | Lair:3   | Noticed Rupert
 15305 | Lair:3   | Found a staircase to the Swamp.
 15415 | Lair:3   | Noticed a five-headed hydra
 15434 | Lair:3   | Paralysed by Rupert for 3 turns
 15478 | Lair:3   | Paralysed by Rupert for 6 turns
 15534 | Lair:3   | Killed Rupert
 15534 | Lair:3   | Received a gift from Okawaru
 16025 | Lair:3   | Reached XP level 13. HP: 67/86 MP: 12/17
 16200 | Lair:3   | Killed a five-headed hydra
 16312 | Lair:3   | Reached skill level 1 in Armour
 16320 | Lair:3   | HP: 4/86 [poisoned by a black mamba]
 16322 | Lair:4   | Succumbed to a black mamba's poison

Action                   |  1- 3 |  4- 6 |  7- 9 | 10-12 | 13-15 || total
-------------------------+-------+-------+-------+-------+-------++-------
Melee: Short sword       |    27 |       |       |   189 |     8 ||   224
       Rapier            |       |       |    47 |    11 |       ||    58
       Unarmed           |       |       |       |     6 |       ||     6
 Fire: Hunting sling     |    77 |   194 |   316 |  1198 |    51 ||  1836
       Blowgun           |       |       |       |    15 |       ||    15
Invok: Heroism           |       |       |       |       |     2 ||     2
Evoke: Wand              |       |       |     7 |    10 |       ||    17
  Use: Potion            |       |     2 |    10 |    15 |     3 ||    30
       Scroll            |       |     7 |     3 |    18 |       ||    28
 Stab: Sleeping          |     1 |       |     1 |     2 |       ||     4
       Paralysed         |       |       |     2 |       |       ||     2
  Eat: Chunk             |       |     5 |     7 |    11 |       ||    23
       Fruit             |       |       |     3 |       |       ||     3
       Beef jerky        |       |       |     1 |     1 |       ||     2
       Bread ration      |       |       |       |     1 |       ||     1
       Pizza             |       |       |       |     9 |       ||     9
       Royal jelly       |       |       |       |     1 |       ||     1
